 Dungeon Crawl Stone Soup version 0.28-a0-845-gfc338a8e3c (webtiles) character file.

Game seed: 13575883530930662708

140952 Iepvzaeh the Warrior (level 16, -8/159 HPs)
             Began as a Minotaur Fighter on Nov 13, 2021.
             Was the Champion of Okawaru.
             Mangled by a ten-headed hydra (21 damage)
             ... called by a spriggan druid
             ... on level 3 of the Swamp.
             The game lasted 01:39:51 (31022 turns).

Iepvzaeh the Warrior (Minotaur Fighter)            Turns: 31022, Time: 01:39:53

Health: -8/159     AC: 26    Str: 32    XL:     16   Next: 77%
Magic:  0/16       EV: 10    Int:  5    God:    Okawaru [******]
Gold:   2207       SH:  0    Dex: 11    Spells: 15/15 levels left

rFire   . . .      SeeInvis +   a - +9 battleaxe (vamp)
rCold   + . .      Faith    .   (shield currently unavailable)
rNeg    . . .      Spirit   +   x - +3 chain mail {rPois}
rPois   +          Reflect  .   W - +1 hat of Honour {Will++ Slay+5 SInv}
rElec   +          Harm     .   D - +1 cloak of the Six Tusks {*Slow rElec Regen+ Str+2}
rCorr   +          Rampage  .   u - +2 pair of gloves {Str+3}
Will    +++..                   L - +2 pair of boots {Fly}
Stlth   ..........              K - amulet "Aqeicatt" {Spirit rCorr}
HPRegen 1.36/turn               H - ring of protection from cold
MPRegen 0.15/turn               Z - ring of see invisible

@: flying
A: horns 2, retaliatory headbutt
a: Renounce Religion, Heroism, Finesse, Duel


You were on level 3 of the Swamp.
You worshipped Okawaru.
Okawaru was exalted by your worship.
You visited 5 branches of the dungeon, and saw 28 of its levels.
You also visited: Volcano.

You collected 2770 gold pieces.
You spent 563 gold pieces at shops.

Inventory:

Hand Weapons
 a - a +9 vampiric battleaxe (weapon)
 b - a +5 hand crossbow of flaming
 g - a +5 war axe of draining
 m - a +3 longbow of flaming
Missiles
 c - 9 silver javelins
 f - 73 poisoned darts
 q - 244 bolts
 r - a throwing net
 v - 691 arrows
 C - 26 boomerangs
 G - 6 javelins
 R - 5 curare-tipped darts
Armour
 o - a +2 chain mail of willpower
 s - a +4 ring mail of cold resistance
 u - a +2 pair of gloves of strength (worn)
 x - a +3 chain mail of poison resistance (worn)
 y - a +3 plate armour of fire resistance
 D - the +1 cloak of the Six Tusks (worn) {*Slow rElec Regen+ Str+2}
   (You bought it in a shop on level 1 of the Dungeon)

   Str:       It affects your strength (+2).
   rElec:     It insulates you from electricity.
   Regen:     It increases your rate of health regeneration.
   *Slow:     It may slow you when you take damage.
 L - a +2 pair of boots of flying (worn)
 M - a scarf of shadows
 Q - the +3 chain mail of Ashenzari's Envy {Str+4}
   (You found it on level 10 of the Dungeon)

   Str:       It affects your strength (+4).
 U - a +1 tower shield
 W - the +1 hat of Honour (worn) {Will++ Slay+5 SInv}
   (Okawaru gifted it to you on level 1 of the Lair of Beasts)

   Slay:      It affects your accuracy & damage with ranged weapons and melee
   (+5).
   SInv:      It lets you see invisible.
   Will:      It greatly increases your willpower.
Jewellery
 e - a ring of willpower
 i - an amulet of the acrobat
 F - a +6 ring of strength
 H - a ring of protection from cold (left hand)
 K - the amulet "Aqeicatt" (around neck) {Spirit rCorr}
   (You took it off a centaur on level 10 of the Dungeon)

   [amulet of guardian spirit]

   It causes incoming damage to be divided between your reserves of health and
   magic.
   rCorr:     It protects you from acid and corrosion.
 Z - a ring of see invisible (right hand)
Wands
 I - a wand of polymorph (21)
 N - a wand of iceblast (11)
 O - a wand of mindburst (8)
 S - a wand of paralysis (12)
 T - a wand of flame (50) (quivered)
 X - a wand of acid (11)
Scrolls
 n - 7 scrolls of teleportation
 p - 3 scrolls of fog {unknown}
 w - a scroll of silence {unknown}
 A - 2 scrolls of blinking
Potions
 d - 4 potions of ambrosia
 h - 2 potions of curing {unknown}
 j - 6 potions of haste
 k - 3 potions of heal wounds
 l - 7 potions of attraction {unknown}
 z - 2 potions of mutation
 B - 3 potions of might
 E - a potion of degeneration {unknown}
 V - 3 potions of berserk rage
 Y - a potion of invisibility
Miscellaneous
 t - a piece from Xom's chessboard (15/15)
 J - a condenser vane
 P - a lightning rod (4/4)


   Skills:
 * Level 18.9 Fighting
 + Level 17.0(20.0) Axes
 * Level 17.4(20.2) Polearms
 + Level 11.8 Bows
 + Level 3.7 Crossbows
 + Level 1.4 Throwing
 + Level 13.2 Armour
 + Level 4.0 Dodging
 + Level 2.2 Stealth
 + Level 7.1 Shields
 + Level 1.5 Invocations
 + Level 1.9 Evocations


You had 15 spell levels left.
You didn't know any spells.
Your spell library contained the following spells:

 Spells                   Type           Power      Damage    Failure   Level
 Magic Dart               Conj           0%         1d3       86%         1
 Shock                    Conj/Air       0%         1d3       86%         1
 Slow                     Hex            0%         N/A       86%         1
 Sting                    Tmut/Pois      0%         1d3       86%         1
 Corpse Rot               Necr/Air       0%         N/A       95%         2
 Poisonous Vapours        Pois/Air       0%         N/A       95%         2
 Static Discharge         Conj/Air       0%         N/A       95%         2
 Confusing Touch          Hex            0%         N/A       99%         3
 Ignite Poison            Fire/Tmut/Pois 0%         N/A       99%         3
 Mephitic Cloud           Conj/Pois/Air  0%         N/A       99%         3
 Portal Projectile        Hex/Tloc       0%         N/A       99%         3
 Swiftness                Air            0%         N/A       99%         3
 Airstrike                Air            0%         N/A       100%        4
 Dispel Undead            Necr           0%         3d6       100%        4
 Flame Wave               Conj/Fire      0%         3d3       100%        4
 Iskenderun's Mystic Bla  Conj/Tloc      0%         2d3       100%        4
 Olgreb's Toxic Radiance  Pois           0%         N/A       100%        4
 Alistair's Intoxication  Tmut/Pois      0%         N/A       100%        5
 Blade Hands              Tmut           0%         N/A       100%        5
 Borgnjor's Vile Clutch   Necr/Erth      0%         N/A       100%        5
 Lightning Bolt           Conj/Air       0%         1d11      100%        5
 Yara's Violent Unravell  Hex/Tmut       0%         3d3       100%        5
 Eringya's Noxious Bog    Tmut/Pois      0%         N/A       100%        6
 Iron Shot                Conj/Erth      0%         9d1       100%        6
 Maxwell's Capacitive Co  Air            0%         ∞         100%        8
 Summon Small Mammal      Summ           Unusable   N/A       N/A         1
 Call Imp                 Summ           Unusable   N/A       N/A         2
 Call Canine Familiar     Summ           Unusable   N/A       N/A         3
 Summon Guardian Golem    Hex/Summ       Unusable   N/A       N/A         3
 Animate Armour           Summ/Erth      Unusable   N/A       N/A         4
 Animate Dead             Necr           Unusable   N/A       N/A         4
 Death Channel            Necr           Unusable   N/A       N/A         6

Dungeon Overview and Level Annotations

Branches:
Dungeon (15/15)            Temple (1/1) D:6            Lair (6/6) D:11
  Swamp (4/4) Lair:2        Snake (0/4) Lair:2        Slime (0/5) Lair:6
    Orc (2/2) D:12            Elf (0/3) Orc:2        Vaults (0/5) D:13
 Depths (0/4) D:15        Volcano (visited)

Altars:
Ashenzari
Cheibriados
Dithmenos
Elyvilon
Fedhas
Gozag
Hepliaklqana
Kikubaaqudgha
Nemelex Xobeh
Okawaru
Qazlal
Ru
Sif Muna
Uskayaw
Vehumet
Wu Jian
Xom
Yredelemnul
Zin
The Shining One

Shops:
D:1 [   D:2 (   Orc:2 *:[(

Portals:
Abyss: D:13

Annotations:
D:13 2 transporters, Ginteh's ghost, journeyman OpVM


Innate Abilities, Weirdness & Mutations

You have a pair of horns on your head.
You reflexively headbutt those who attack you in melee.


Message History

The eight-headed hydra grows two more!
You slash the ten-headed hydra!
You feel better.
You headbutt the ten-headed hydra!
The ten-headed hydra is almost dead.
The ten-headed hydra bites you but does no damage. x2
The ten-headed hydra bites you. The ten-headed hydra bites you!!
The ten-headed hydra bites you but does no damage.
The ten-headed hydra bites you! x2; The ten-headed hydra barely misses you.
The ten-headed hydra bites you but does no damage.
The ten-headed hydra bites you!
Unknown command.
You are too injured to fight recklessly!
Unknown command.
There is a stone staircase leading up, spattered with blood here.
The ten-headed hydra bites you!
* * * LOW HITPOINT WARNING * * *
The ten-headed hydra closely misses you.
The ten-headed hydra bites you but does no damage.
The ten-headed hydra bites you!
* * * LOW HITPOINT WARNING * * *
The ten-headed hydra bites you but does no damage. x2
The ten-headed hydra barely misses you.
The ten-headed hydra closely misses you.
The ten-headed hydra bites you!
* * * LOW HITPOINT WARNING * * *
The ten-headed hydra bites you but does no damage.
You fly upwards.
There is a stone staircase leading down here.
You feel much better.
The ten-headed hydra bites you but does no damage.
The ten-headed hydra bites you!
* * * LOW HITPOINT WARNING * * *
The ten-headed hydra bites you!!
* * * LOW HITPOINT WARNING * * *
The ten-headed hydra bites you.
* * * LOW HITPOINT WARNING * * *
The ten-headed hydra bites you.
* * * LOW HITPOINT WARNING * * *
The ten-headed hydra bites you but does no damage.
The ten-headed hydra bites you!!
You die...

≈≈≈≈≈..≈≈≈≈≈..♣ ♣.≈≈≈≈♣≈≈≈≈..≈..
.≈≈§≈≈.≈≈≈≈≈.♣♣ ♣≈≈≈.♣♣≈≈≈≈≈♣.≈≈
.≈≈§....≈≈≈..♣♣ ♣♣≈..≈.≈≈≈≈.≈..≈
♣...♣♣≈......≈♣ ♣...≈...^..≈♣.≈≈
♣♣♣♣♣♣≈♣♣.≈≈.≈♣♣♣♣.≈≈.......♣≈≈.≈
♣♣ ♣♣♣♣.≈.♣..........##.#..≈)≈≈
.♣ ♣≈.≈....≈≈≈..##...##..≈.≈ .♣
♣♣≈.....≈≈D..##......#.... ♣♣
♣.≈≈.≈≈≈≈@=..#...#...+.... ♣♣♣
♣≈≈.♣♣≈§≈.≈..#..###..#..≈≈ ♣≈♣
♣♣.≈♣♣.≈.♣♣..#...#.^....≈. ..♣
♣♣♣♣♣♣♣♣♣♣..##.....##.... .≈♣
♣♣..#.....#..... ♣♣♣
♣♣..#####..♣... ♣♣.......♣♣...
♣♣.....♣♣♣... ♣♣♣♣♣♣♣ ♣♣≈.


You could see a ten-headed hydra (strong).

Vanquished Creatures
  Jorgrun (D:15)
  Rupert (D:12)
  Agnes (D:15)
  A thorn hunter (Swamp:3)
  Kirke (Lair:3)
  2 fenstrider witches
  A frost giant (D:15)
  3 orc warlords
  Nessos (D:15)
  2 bunyips (Swamp:3)
  The ghost of Gaeratarr the Martial Artist, a journeyman DgTm (Lair:4)
  A red draconian (Volcano)
  3 eleionomae
  An ettin (Orc:2)
  A fire dragon (D:15)
  Josephine (Orc:2)
  2 shambling mangroves
  A rakshasa (D:15)
  16 hydras
  Harold (D:7)
  An ogre mage (D:13)
  Erolcha (D:12)
  6 catoblepae
  8 boulder beetles
  A ghost crab (Swamp:2)
  7 centaur warriors
  4 two-headed ogres
  7 alligators
  A dancing weapon (Lair:4)
  2 tengu warriors (D:15)
  10 death yaks
  5 orc high priests (Orc:2)
  Sonja (D:11)
  3 skeletal warriors (D:13)
  A fire crab (D:14)
  A deep troll (D:14)
  4 goliath frogs
  A salamander mystic (Volcano)
  2 spriggan druids
  5 bog bodies
  4 lindwurms (Lair:2)
  A harpy (shapeshifter) (D:14)
  6 orc knights
  2 wolf spiders
  5 orc sorcerers
  12 ugly things
  3 will-o-the-wisps
  9 cyclopes
  5 manticores
  4 salamanders (Volcano)
  A guardian serpent (Lair:2)
  5 elephants (Lair:3)
  2 black mambas (Lair:1)
  Joseph (D:7)
  19 cane toads
  An unseen horror (D:12)
  2 kobold demonologists (D:10)
  2 gargoyles
  A rime drake (Lair:3)
  8 komodo dragons
  A yaktaur (D:15)
  2 freezing wraiths
  A tengu conjurer (D:14)
  5 trolls
  A bloated husk (Swamp:3)
  A troll (shapeshifter) (D:14)
  9 tyrant leeches
  2 polar bears (Lair:4)
  7 slime creatures
  9 blink frogs
  14 hornets
  9 spriggans
  A shadow (D:10)
  10 wraiths
  39 yaks
  2 hogs
  A human (Lair:4)
  8 wyverns
  Grum (D:11)
  4 basilisks
  5 vampire mosquitoes
  2 steam dragons
  Menkaure (D:7)
  14 swamp worms
  7 wargs
  An acid dragon (shapeshifter) (D:14)
  A swamp worm (shapeshifter) (D:10)
  16 water moccasins
  43 orc warriors
  An ice beast (D:3)
  A hornet zombie (D:8)
  2 swamp drakes
  6 black bears
  7 ogres
  A sky beast (D:3)
  17 wolves
  A boggart (D:14)
  10 centaurs
  2 phantoms
  5 kobold brigands
  8 bullfrogs
  A water moccasin skeleton (D:4)
  9 killer bees
  A wight (D:8)
  3 electric eels (Lair:6)
  A howler monkey (D:10)
  6 centaur zombies
  3 gnoll shamans
  13 orc priests
  2 jellies
  4 bullfrog skeletons
  3 iguanas
  A scorpion zombie (D:5)
  22 orc wizards
  19 gnolls
  6 adders
  A shadow imp (D:7)
  A white imp (D:7)
  2 ufetubi (D:5)
  2 worms
  2 dart slugs (D:3)
  77 orcs
  6 bats
  4 endoplasms
  4 giant cockroaches
  9 goblins
  5 hobgoblins
  15 kobolds
  2 quokkas
  8 ball pythons
  3 frilled lizards
  7 rats
726 creatures vanquished.

Vanquished Creatures (others)
  A bloated husk (Swamp:3)
  19 foxfires (Swamp:1)
  57 fungi
  68 plants
145 creatures vanquished.

Grand Total: 871 creatures vanquished

Notes
Turn   | Place    | Note
-------+----------+-------------------------------------------
     0 | D:1      | Iepvzaeh the Minotaur Fighter began the quest for the Orb.
     0 | D:1      | Reached XP level 1. HP: 19/19 MP: 0/0
   143 | D:1      | Found Maottao's Antique Armour Emporium.
   170 | D:1      | Reached XP level 2. HP: 27/27 MP: 1/1
   844 | D:2      | Reached XP level 3. HP: 32/33 MP: 2/2
   912 | D:2      | Reached skill level 4 in Fighting
  1049 | D:2      | Found Itomox's Weapon Shop.
  1257 | D:3      | Reached XP level 4. HP: 40/40 MP: 3/3
  1415 | D:3      | Noticed an ice beast
  1455 | D:3      | Killed an ice beast
  1456 | D:3      | Reached XP level 5. HP: 37/46 MP: 4/4
  1613 | D:3      | Noticed a sky beast
  1621 | D:3      | Killed a sky beast
  1622 | D:3      | Reached skill level 5 in Axes
  1622 | D:3      | Reached skill level 5 in Armour
  1622 | D:3      | Reached skill level 1 in Dodging
  1622 | D:3      | Reached XP level 6. HP: 53/53 MP: 5/5
  1906 | D:3      | Found a faded altar of an unknown god.
  2047 | D:4      | Found a stormy altar of Qazlal.
  2191 | D:4      | Found a shimmering blue altar of Sif Muna.
  2408 | D:4      | Found a snail-covered altar of Cheibriados.
  2649 | D:4      | Found a glowing silver altar of Zin.
  2664 | D:4      | Reached XP level 7. HP: 44/60 MP: 6/6
  2778 | D:4      | Found a shadowy altar of Dithmenos.
  2779 | D:4      | Found an ornate altar of the Wu Jian Council.
  2996 | D:5      | Entered Level 5 of the Dungeon
  3009 | D:5      | Reached skill level 5 in Fighting
  3043 | D:5      | Found an opulent altar of Gozag.
  3067 | D:5      | Reached skill level 1 in Throwing
  3106 | D:5      | Reached skill level 1 in Polearms
  3741 | D:5      | Found a blossoming altar of Fedhas.
  3784 | D:5      | Found a glowing golden altar of the Shining One.
  3959 | D:1      | Bought a slimy cloak for 161 gold pieces
  3959 | D:1      | Identified the +1 cloak of the Six Tusks {*Slow rElec
                  | Regen+ Str+2} (You bought it in a shop on level 1 of the
                  | Dungeon)
  4058 | D:6      | Reached XP level 8. HP: 69/69 MP: 7/7
  4093 | D:6      | Reached skill level 5 in Polearms
  4324 | D:6      | Reached skill level 6 in Fighting
  4567 | D:6      | Found a staircase to the Ecumenical Temple.
  4573 | Temple   | Entered the Ecumenical Temple
  4619 | Temple   | Became a worshipper of Warmaster Okawaru
  4692 | D:7      | Found a sacrificial altar of Ru.
  4776 | D:7      | Noticed Menkaure
  4785 | D:7      | Killed Menkaure
  5152 | D:7      | Reached * piety under Okawaru
  5176 | D:7      | Noticed Joseph
  5209 | D:7      | Killed Joseph
  5210 | D:7      | Reached skill level 5 in Shields
  5210 | D:7      | Reached XP level 9. HP: 41/78 MP: 8/8
  5306 | D:7      | Noticed Harold
  5322 | D:7      | Killed Harold
  5322 | D:7      | Reached ** piety under Okawaru
  5323 | D:7      | Reached skill level 7 in Fighting
  5323 | D:7      | Reached skill level 10 in Polearms
  5323 | D:7      | Reached skill level 1 in Stealth
  5682 | D:7      | Got the Tome of the Quantum Birds
  5880 | D:8      | Paralysed by a hornet for 2 turns
  5931 | D:8      | Reached *** piety under Okawaru
  6056 | D:8      | Reached skill level 8 in Fighting
  6269 | D:8      | Found a radiant altar of Vehumet.
  6380 | D:9      | Reached XP level 10. HP: 88/88 MP: 9/9
  6504 | D:9      | Found a white marble altar of Elyvilon.
  6713 | D:9      | Found a broken altar of Ashenzari.
  6717 | D:9      | Saw a vision of the Swamp and the Snake Pit.
  6717 | D:9      | Noticed an alligator
  6717 | D:9      | Noticed a black mamba
  6717 | D:9      | Noticed a mana viper
  6717 | D:9      | Noticed a naga ritualist
  6717 | D:9      | Noticed a shock serpent
  6717 | D:9      | Noticed a naga sharpshooter
  6718 | D:9      | Noticed a guardian serpent
  6720 | D:9      | Noticed a will-o-the-wisp
  6861 | D:9      | Reached **** piety under Okawaru
  7189 | D:10     | Entered Level 10 of the Dungeon
  7366 | D:10     | Noticed a seven-headed hydra
  7437 | D:10     | Killed a seven-headed hydra
  7437 | D:10     | Received a gift from Okawaru
  7438 | D:10     | Reached skill level 1 in Bows
  7565 | D:10     | Noticed a gargoyle
  7583 | D:10     | Noticed a swamp dragon
  7588 | D:10     | a swamp dragon changed into a swamp worm
  7750 | D:10     | Killed a gargoyle
  7751 | D:10     | Reached skill level 9 in Fighting
  7895 | D:10     | Identified the amulet "Aqeicatt" {Spirit rCorr}
  7947 | D:10     | Got the Guide on Transmigration and Ignition
  8140 | D:10     | Noticed a red ugly thing
  8148 | D:10     | Killed a red ugly thing
  8224 | D:10     | Identified the +3 chain mail of Ashenzari's Envy {Str+4}
  8341 | D:11     | Noticed a two-headed ogre
  8348 | D:10     | Killed a two-headed ogre
  8348 | D:10     | Received a gift from Okawaru
  8634 | D:10     | Noticed a centaur warrior
  8640 | D:10     | Killed a centaur warrior
  8641 | D:10     | Reached XP level 11. HP: 92/97 MP: 6/10
  9073 | D:11     | Noticed Grum
  9073 | D:11     | Noticed Sonja
  9115 | D:11     | Noticed a five-headed hydra
  9121 | D:10     | Reached ***** piety under Okawaru
  9471 | D:10     | Reached skill level 10 in Axes
  9919 | D:11     | Received a gift from Okawaru
  9968 | D:10     | Received a gift from Okawaru
  9969 | D:10     | Reached skill level 10 in Fighting
  9969 | D:10     | Reached skill level 1 in Evocations
 10212 | D:11     | Killed a five-headed hydra
 10975 | D:11     | Found a staircase to the Lair.
 11014 | Lair:1   | Entered Level 1 of the Lair of Beasts
 11770 | Lair:1   | Reached skill level 11 in Fighting
 12025 | Lair:1   | Reached XP level 12. HP: 105/110 MP: 9/11
 12258 | Lair:2   | Reached skill level 5 in Bows
 12312 | Lair:2   | Found a staircase to the Snake Pit.
 12386 | Lair:2   | Received a gift from Okawaru
 12536 | Lair:2   | Noticed an eight-headed hydra
 12547 | Lair:2   | Killed an eight-headed hydra
 12596 | Lair:2   | Found a staircase to the Swamp.
 12598 | Lair:2   | Noticed a death yak
 12637 | Lair:2   | Received a gift from Okawaru
 12668 | Lair:2   | Reached skill level 12 in Fighting
 12669 | Lair:2   | Received a gift from Okawaru
 12686 | Lair:2   | Noticed an eight-headed hydra
 12701 | Lair:2   | Killed an eight-headed hydra
 12702 | Lair:2   | Reached skill level 1 in Invocations
 12811 | Lair:2   | Noticed a death yak
 12812 | Lair:2   | Noticed a death yak
 12812 | Lair:2   | Noticed a death yak
 12852 | Lair:1   | Received a gift from Okawaru
 12910 | Lair:1   | Killed a death yak
 13571 | Lair:1   | Killed a death yak
 13694 | Lair:2   | Noticed a death yak
 13739 | Lair:2   | Noticed a death yak
 13748 | Lair:1   | Killed a death yak
 13749 | Lair:1   | Reached skill level 10 in Armour
 14181 | Lair:1   | Killed a death yak
 14181 | Lair:1   | Identified the +1 hat of Honour {Will++ Slay+5 SInv}
                  | (Okawaru gifted it to you on level 1 of the Lair of Beasts)
 14181 | Lair:1   | Received a gift from Okawaru
 14189 | Lair:1   | Killed a death yak
 14343 | Lair:1   | Killed a death yak
 14715 | Lair:3   | Reached XP level 13. HP: 117/119 MP: 12/12
 14771 | Lair:3   | Reached skill level 13 in Fighting
 14771 | Lair:3   | Reached ****** piety under Okawaru
 15835 | Lair:4   | Found a glowing silver altar of Zin.
 15940 | Lair:4   | Noticed Kirke
 15972 | Lair:3   | Killed Kirke
 16847 | Lair:4   | Found a runed translucent door.
 16848 | Lair:4   | Found a shimmering altar of Xom.
 16848 | Lair:4   | Noticed Gaeratarr's ghost (journeyman DgTm)
 17395 | Lair:4   | Reached skill level 14 in Fighting
 17399 | Lair:4   | Killed Gaeratarr's ghost
 18255 | Lair:6   | Entered Level 6 of the Lair of Beasts
 18263 | Lair:6   | Identified the +3 broad axe "Wohoaky" {flame, Str-2 Dex+4}
                  | (Okawaru gifted it to you on level 6 of the Lair of Beasts)
 18263 | Lair:6   | Received a gift from Okawaru
 18670 | Lair:6   | Received a gift from Okawaru
 18712 | Lair:6   | Reached XP level 14. HP: 133/133 MP: 10/13
 19119 | Lair:6   | Identified the +5 quarterstaff of Cesell {spect, Fly Str+4
                  | Dex+2}
 19248 | Lair:6   | Reached skill level 15 in Polearms
 19355 | Lair:6   | Found a staircase to the Slime Pits.
 19362 | Lair:6   | Reached skill level 10 in Bows
 19368 | Lair:6   | Reached skill level 15 in Fighting
 19968 | Lair:2   | Identified the amulet "Qauffimm" {Faith Harm Int+4}
 20128 | D:11     | Killed Grum
 20220 | D:11     | Killed Sonja
 20587 | D:12     | Noticed Erolcha
 20593 | D:12     | Killed Erolcha
 20683 | D:12     | Found a staircase to the Orcish Mines.
 20758 | D:12     | Received a gift from Okawaru
 21075 | Orc:1    | Entered Level 1 of the Orcish Mines
 21090 | Orc:1    | Noticed an orc warlord
 21102 | Orc:1    | Killed an orc warlord
 21231 | Orc:2    | Entered Level 2 of the Orcish Mines
 21231 | Orc:2    | Noticed Josephine
 21243 | Orc:2    | Killed Josephine
 21244 | Orc:2    | Received a gift from Okawaru
 21282 | Orc:2    | Received a gift from Okawaru
 21307 | Orc:2    | Found Hojonum's Book Emporium.
 21398 | Orc:1    | Noticed an orc warlord
 21411 | Orc:1    | Killed an orc warlord
 21415 | Orc:1    | Received a gift from Okawaru
 21423 | Orc:1    | Reached skill level 16 in Fighting
 21502 | Orc:1    | Found a dark tunnel.
 21508 | Volcano  | Entered a volcano
 21661 | Volcano  | Reached XP level 15. HP: 144/144 MP: 14/14
 21950 | Orc:2    | Found Gamontaa's General Store.
 21958 | Orc:2    | Bought a scroll of identify for 24 gold pieces
 22087 | Orc:2    | Found a staircase to the Elven Halls.
 22149 | Orc:2    | Found Feimitaf's Antique Armour Emporium.
 22164 | Orc:2    | Bought a glowing scarf for 248 gold pieces
 22177 | Orc:2    | Found Xyeceumm's Antique Weapon Boutique.
 22205 | Orc:2    | Reached skill level 15 in Axes
 22244 | Orc:2    | Noticed an orc warlord
 22257 | Orc:2    | Killed an orc warlord
 22276 | Orc:2    | Bought a runed hand crossbow for 130 gold pieces
 23039 | Swamp:1  | Entered Level 1 of the Swamp
 23639 | Swamp:1  | Received a gift from Okawaru
 24035 | Swamp:1  | Received a gift from Okawaru
 24678 | Swamp:2  | Noticed a fenstrider witch
 24686 | Swamp:2  | Killed a fenstrider witch
 25138 | D:13     | Noticed Rupert
 25164 | D:12     | Killed Rupert
 25164 | D:12     | Received a gift from Okawaru
 25165 | D:12     | Reached skill level 17 in Fighting
 25404 | D:13     | Found a one-way gate to the infinite horrors of the Abyss.
 25404 | D:13     | Noticed Ginteh's ghost (journeyman OpVM)
 25446 | D:13     | Found a transporter.
 25461 | D:13     | Found a transporter.
 25522 | D:13     | Received a gift from Okawaru
 25670 | D:13     | Found an iron altar of Okawaru.
 25727 | D:13     | Found a gate to the Vaults.
 26189 | D:14     | Identified the +3 scale mail "Miqiahet" {Harm Int+4 Slay-6}
                  | (Okawaru gifted it to you on level 14 of the Dungeon)
 26189 | D:14     | Received a gift from Okawaru
 26198 | D:14     | Reached XP level 16. HP: 113/157 MP: 16/16
 26791 | D:14     | Reached skill level 18 in Fighting
 27165 | D:15     | Entered Level 15 of the Dungeon
 27202 | D:15     | Noticed Jorgrun
 27221 | D:15     | Killed Jorgrun
 27328 | D:15     | Noticed Agnes
 27349 | D:15     | Killed Agnes
 27438 | D:15     | Reached skill level 1 in Crossbows
 27448 | D:15     | Noticed Nessos
 28511 | D:15     | Killed Nessos
 28965 | D:15     | Found a staircase to the Depths.
 29897 | Swamp:2  | Received a gift from Okawaru
 30129 | Swamp:3  | Noticed a thorn hunter
 30142 | Swamp:3  | Paralysed by a hornet for 3 turns
 30407 | Swamp:3  | Killed a thorn hunter
 30440 | Swamp:3  | Received a gift from Okawaru
 30490 | Swamp:3  | Received a gift from Okawaru
 30949 | Swamp:4  | Entered Level 4 of the Swamp
 31007 | Swamp:4  | Received a gift from Okawaru
 31022 | Swamp:3  | Mangled by a ten-headed hydra

Illustrated notes

Levels and vault maps discovered:
D:1:      dpeg_arrival_three_same_balls, layout_basic, serial_shops,
          nicolae_shop_statue_plus
D:2:      layout_rooms, serial_shops,
          nicolae_shop_temple_entry_statues_fountains
D:3:      layout_rooms, hellmonk_ecumenical_altar_arch_garden
D:4:      layout_cave_pools, lemuel_tele_altar, mainiacjoe_overflow_boulevard,
          mainiacjoe_overflow_concentric_impassable,
          mainiacjoe_overflow_tiny_flanked, gammafunk_temple_overflow_pools,
          minmay_misc_feat_encased, kennysheep_path_1
D:5:      layout_rooms, fedhas_altar_fruit_tree,
          mainiacjoe_overflow_six_doors_small, nicolae_tso_swordbearing_angel,
          grunt_decor_junction
D:6:      layout_gridville, minmay_temple_entry_enclosed_plants
D:7:      layout_basic, mainiacjoe_overflow_cross_hatched, uniq_harold,
          uniq_menkaure, uniq_joseph
D:8:      layout_basic, marbit_many_paths
D:9:      layout_long_grid, elyvilon_altar_4, grunt_ashenzari_visionary
          [grunt_ashenzari_visionary_swamp, grunt_ashenzari_visionary_snake]
D:10:     layout_basic, minmay_diamond_spiral
D:11:     layout_rooms, minmay_lair_entry_grove, uniq_grum, uniq_sonja
D:12:     layout_cross, minmay_orc_entry_guard_dogs, uniq_erolcha
D:13:     layout_rooms, david_vaults_2, gammafunk_ghost_abyssal_escape,
          serial_curves, eino_curves_01, eino_curves_02, okawaru_gym_becter,
          uniq_rupert
D:14:     minmay_the_grid_octo_triangle [minmay_the_grid_octo_teeth,
          minmay_the_grid_octo_prize_ultimate_mussel_roller,
          minmay_the_grid_octo_pinwheel], layout_basic,
          chequers_serial_rivers_room_b, grunt_ministairs_8, drop_trap
D:15:     grunt_enter_depths_snipers, layout_gridville, hex_tiny, uniq_jorgrun,
          uniq_nessos, uniq_agnes
Temple:   compressed_dpeg_triangle_lava_temple
Lair:1:   layout_cave_pods, st_stairs_3, minivault_25, grunt_megastairs_3,
          lemuel_fruit_fields
Lair:2:   layout_long_grid, swamp_mist_pool, minmay_snake_entry_spellcaster,
          minmay_lindwurm_lava
Lair:3:   layout_layer_cave, beast_lair_carwin_10
Lair:4:   layout_hall_layers, basic_altar, ebering_ghost_xom, uniq_kirke
Lair:5:   layout_cave_pods, grunt_megastairs_4
Lair:6:   evilmike_catoblepas_cave, layout_gridlike, slime_dummy,
          wad_woods_river_01, serial_bayou_shore_a
Swamp:1:  layout_basic_swamp, evilmike_swamp_ruin_house_4,
          infiniplex_staircase_pool_2
Swamp:2:  layout_basic_swamp, nicolae_swamp_big_swirl
Swamp:3:  layout_basic_swamp, evilmike_swamp_ruin_house_3, swamp_pool4
Swamp:4:  swamp_fiery, layout_basic_swamp, swamp_pool3
Orc:1:    layout_caves, enter_volcano_4
Orc:2:    grunt_orc_gardens, layout_caves, grunt_orc_garden, grunt_orc_garden,
          grunt_orc_garden, grunt_orc_garden, gauntlet_entry_generic,
          uniq_josephine

Skill      XL: |  1  2  3  4  5  6  7  8  9 10 11 12 13 14 15 16 |
---------------+-------------------------------------------------+-----
Shields        | 4 5 6 7 |  7.1
Armour         | 4 5 6 7 8 9 10 11 12 13 | 13.2
Axes           | 3 4 5 6 7 9 11 12 14 16 17 | 17.0
Fighting       | 4 5 6 8 9 11 12 14 16 17 18 | 18.9
Dodging        | 1 2 3 4 |  4.0
Throwing       | 1 |  1.4
Polearms       | 4 8 10 11 13 14 15 16 17 | 17.4
Stealth        | 1 2 |  2.2
Bows           | 2 4 7 9 10 11 | 11.8
Evocations     | 1 |  1.9
Invocations    | 1 |  1.5
Crossbows      | 3 |  3.7

Action                   |  1- 3 |  4- 6 |  7- 9 | 10-12 | 13-15 | 16-18 || total
-------------------------+-------+-------+-------+-------+-------+-------++-------
Melee: War axe           |    83 |    96 |       |       |       |    55 ||   234
       Headbutt          |    13 |    13 |    22 |    61 |   139 |    53 ||   301
       Trident           |       |    16 |   186 |   104 |    24 |       ||   330
       Battleaxe         |       |       |    44 |   206 |   490 |   136 ||   876
 Fire: Shortbow          |       |       |       |   170 |   491 |    33 ||   694
       Hand crossbow     |       |       |       |       |       |    84 ||    84
Throw: Boomerang         |       |     9 |     2 |       |       |       ||    11
       Throwing net      |       |       |     1 |       |       |       ||     1
Invok: Heroism           |       |       |       |    13 |     6 |     2 ||    21
       Finesse           |       |       |       |       |       |     1 ||     1
Evoke: Wand              |       |       |     2 |     4 |    13 |    27 ||    46
       Lightning rod     |       |       |       |       |     2 |       ||     2
  Use: Potion            |       |     2 |       |       |     1 |     3 ||     6
       Scroll            |       |       |     4 |     2 |    11 |     4 ||    21
 Stab: Held in net/web   |       |       |     1 |       |       |       ||     1
       Petrified         |       |       |       |       |     3 |       ||     3
Armor: Scale mail        |    46 |    30 |       |       |       |       ||    76
       Plate armour      |       |    33 |   118 |    94 |    15 |    84 ||   344
       Chain mail        |       |       |       |   237 |   380 |    73 ||   690
Dodge: Dodged            |    35 |    43 |    75 |   245 |   346 |   110 ||   854
Block: Buckler           |    24 |    25 |    25 |       |       |       ||    74
       Kite shield       |       |       |       |    16 |       |       ||    16
       Tower shield      |       |       |       |    66 |    10 |    55 ||   131

Table legend: (Time is in decaauts)
 A = Elapsed time spent in this place.
 B = Non-inter-level travel time spent in this place.
 C = Inter-level travel time spent in this place.
 D = Time resting spent in this place.
 E = Time spent auto-exploring this place.
 F = Levels seen in this place.
 G = Mean time per level.
                   A        B        C        D        E       F      G
               +--------+--------+--------+--------+--------+-----+--------+
         Total |  30995 |  28518 |   2477 |   5964 |  15549 |  29 | 1068.8 |
       Dungeon |  16511 |  15133 |   1378 |   3300 |   8263 |  15 | 1100.7 |
        Temple |     61 |     47 |     14 |      0 |     38 |   1 |   61.0 |
          Lair |   9840 |   9070 |    770 |   2191 |   4881 |   6 | 1640.0 |
         Swamp |   2841 |   2616 |    225 |    459 |   1540 |   4 |  710.2 |
  Orcish Mines |   1518 |   1429 |     89 |     13 |    716 |   2 |  759.0 |
       Volcano |    222 |    222 |      0 |      0 |    111 |   1 |  222.0 |
               +--------+--------+--------+--------+--------+-----+--------+

Top non-repeatable levels by time:
    D:10: 3602 daAuts
  Lair:1: 2822 daAuts
  Lair:2: 1868 daAuts
    D:14: 1654 daAuts
  Lair:4: 1587 daAuts
  Lair:6: 1576 daAuts
    D:15: 1506 daAuts
  Lair:3: 1155 daAuts
     D:4: 1096 daAuts
     D:7: 1094 daAuts
 Swamp:1: 1011 daAuts
 Swamp:2: 937 daAuts
    D:11: 934 daAuts
   Orc:2: 928 daAuts
    D:12: 906 daAuts
